 Dungeon Crawl Stone Soup version 0.24.0-13-gcf9b319 (webtiles) character file.

Game seed: 14478660279821137419, levelgen mode: deterministic

704 Bronimir the Stinger (level 7, -6/57 HPs)
             Began as a Naga Venom Mage on Mar 25, 2020.
             Was an Initiate of Okawaru.
             Splashed by a jelly's acid (11 damage)
             ... on level 5 of the Dungeon.
             The game lasted 00:20:06 (8160 turns).

Bronimir the Stinger (Naga Venom Mage)              Turns: 8160, Time: 00:20:06

Health: -6/57      AC: -5    Str: 11    XL:     7   Next: 66%
Magic:  3/12       EV:  7    Int: 17    God:    Okawaru [......]
Gold:   175        SH:  0    Dex: 11    Spells: 3/13 levels left

rFire    . . .     SeeInvis +   a - +0 spear
rCold    . . .     Gourm    .   (no shield)
rNeg     . . .     Faith    .   j - +0 leather armour
rPois    +         Spirit   .   (no helmet)
rElec    .         Reflect  .   r - +0 cloak
rCorr    .         Harm     .   w - +0 pair of gloves
MR       .....                  v - +0 naga barding
Stlth    ++........             (no amulet)
HPRegen  0.19/turn              (no ring)
MPRegen  0.13/turn              (no ring)

@: corroded, very slow
A: large, see invisible, deformed body, poison resistance, slowness 2, slow
metabolism 1, spit poison 1, AC +2
a: Spit Poison, Renounce Religion


You were on level 5 of the Dungeon.
You worshipped Okawaru.
Okawaru was noncommittal.
You were hungry.

You visited 2 branches of the dungeon, and saw 6 of its levels.
You also visited: Sewer and Ossuary.

You collected 175 gold pieces.

Inventory:

Hand Weapons
 a - a +0 spear (weapon)
 k - a +0 club
Missiles
 b - 59 bolts
 e - 148 stones (quivered)
 p - 5 boomerangs
 q - 15 arrows
Armour
 d - a +0 ring mail
 j - a +0 leather armour (worn)
 m - a +0 scale mail of poison resistance
 r - a +0 cloak (worn)
 v - a +0 naga barding (worn)
 w - a +0 pair of gloves (worn)
Jewellery
 h - an uncursed ring of protection from cold
Wands
 l - a wand of polymorph (7)
 u - a wand of disintegration (13)
 D - a wand of acid (8)
Scrolls
 g - 4 scrolls of identify
 s - a scroll of blinking {unknown}
 y - 2 scrolls of magic mapping
 A - a scroll of teleportation
 B - a scroll of fear {unknown}
 E - a scroll of remove curse {unknown}
Potions
 f - a potion of lignification
 i - 2 potions of curing
 n - 3 potions of heal wounds {unknown}
 o - 5 potions of might {unknown}
 t - a potion of flight {unknown}
 x - a potion of cancellation {unknown}
 C - a potion of magic {unknown}
Comestibles
 c - 10 rations


   Skills:
 + Level 1.1 Fighting
 * Level 2.9 Polearms
 * Level 2.7 Armour
 + Level 2.1 Dodging
 - Level 3.0 Stealth
 + Level 3.5 Spellcasting
 + Level 1.9 Conjurations
 - Level 0.1 Air Magic
 * Level 7.4 Poison Magic


You had 3 spell levels left.
You knew the following spells:

 Your Spells              Type           Power        Failure   Level  Hunger
a - Sting                 Conj/Pois      ###.         3%          1    None
b - Poisonous Vapours     Pois/Air       ###...       7%          2    ##.....
c - Mephitic Cloud        Conj/Pois/Air  ##......     17%         3    ###....
d - Olgreb's Toxic Radia  Pois           ####....     10%         4    ####...

Your spell library contained the following spells:

 Spells                   Type           Power        Failure   Level  Hunger
 Venom Bolt               Conj/Pois      ###.......   63%         5    ######.


Dungeon Overview and Level Annotations

Branches:
Dungeon (5/15)             Temple (1/1) D:4           Sewer (visited)
Ossuary (visited)

Altars:
Ashenzari
Dithmenos
Elyvilon
Fedhas
Gozag
Hepliaklqana
Kikubaaqudgha
Makhleb
Nemelex Xobeh
Okawaru
Qazlal
Sif Muna
Trog
Vehumet
Wu Jian
Xom
Yredelemnul
Zin
The Shining One

Shops:
D:4 :

Annotations:
D:3 1 runed translucent door, Southernist's ghost, amateur KoAs


Innate Abilities, Weirdness & Mutations

You cannot wear boots.
Your serpentine skin is tough. (AC +2)
You have supernaturally acute eyesight. (SInv)
Armour fits poorly on your strangely shaped body.
Your system is resistant to poisons. (rPois)
You cover ground very slowly.
You have a slow metabolism.
You can spit poison.


Message History

Press: ? - help, Shift-Dir - straight line, f/p - jelly
Aim: a jelly (almost dead)
The sting hits the jelly.
The jelly completely resists.
The jelly is almost dead.
The jelly hits you.
* * * LOW HITPOINT WARNING * * *
You are splashed with acid!
* * * LOW HITPOINT WARNING * * *
Casting: Sting (safe; 3% risk of failure)
Confirm with . or Enter, or press ? or * to list all spells.
Aiming: Sting (safe; 3% risk of failure)
Press: ? - help, Shift-Dir - straight line, f/p - jelly
Aim: a jelly (almost dead)
The sting hits the jelly.
The jelly completely resists.
The jelly is almost dead.
The jelly barely misses you.
You feel better. The jelly hits you.
* * * LOW HITPOINT WARNING * * *
The acid corrodes you!
You are splashed with acid!
You die...

.# # # ############## .#
.#..
.............######.##....
.###########........†..#.#
.# #####.##......# .#
#(....!#.## .# ##Z†%.....#
.### #J###.#.## ...# #@#
.# # ...### #.# # .......
#.# ...#### ..# ...# ..#
.###### #### ....... #_##
.>..### 8...8 .##.#


You could see a jelly and a hound skeleton.

Vanquished Creatures
  An ogre (D:2)
  A scorpion (D:5)
  A hound (D:5)
  4 orc wizards
  2 orc priests (D:3)
  Ijyb (D:3)
  3 worker ants
  A mummy (D:4)
  4 gnolls
  7 adders
  An ooze (D:1)
  6 worms
  2 dart slugs
  3 leopard geckos
  13 orcs
  9 ball pythons
  4 giant cockroaches
  8 goblins
  8 hobgoblins
  15 jackals
  2 quokkas
  6 bats
  5 frilled lizards
  A hobgoblin zombie (Ossuary)
  13 kobolds
  A kobold zombie (Ossuary)
  An orc zombie (Ossuary)
  5 rats
  A spectral orc (D:2)
  3 plants (Sewer)
132 creatures vanquished.

Vanquished Creatures (others)
  A plant (Sewer)
  A withered plant (D:3)
2 creatures vanquished.

Grand Total: 134 creatures vanquished

Notes
Turn   | Place    | Note
-------+----------+-------------------------------------------
     0 | D:1      | Bronimir the Naga Venom Mage began the quest for the Orb.
     0 | D:1      | Reached XP level 1. HP: 15/15 MP: 3/3
   372 | D:1      | Reached XP level 2. HP: 22/22 MP: 1/5
   419 | D:1      | Learned a level 2 spell: Poisonous Vapours
   827 | D:1      | Reached skill level 5 in Poison Magic
  1069 | D:1      | Reached XP level 3. HP: 28/28 MP: 3/6
  1447 | D:2      | Learned a level 3 spell: Mephitic Cloud
  1464 | D:2      | Noticed an ogre
  1491 | D:2      | Killed an ogre
  1491 | D:2      | Reached skill level 1 in Armour
  1491 | D:2      | Reached XP level 4. HP: 18/37 MP: 0/7
  1491 | D:2      | Reached XP level 5. HP: 21/43 MP: 0/8
  2937 | D:2      | Found a basalt altar of Yredelemnul.
  3028 | D:2      | Reached skill level 6 in Poison Magic
  3250 | D:3      | Found a runed translucent door.
  3251 | D:3      | Noticed Southernist's ghost (amateur KoAs)
  3266 | D:3      | Noticed Ijyb
  3277 | D:3      | Killed Ijyb
  3277 | D:3      | Reached skill level 1 in Polearms
  3748 | D:3      | Reached XP level 6. HP: 38/50 MP: 5/10
  3801 | D:3      | Found an ornate altar of the Wu Jian Council.
  5072 | D:3      | Reached skill level 1 in Fighting
  5556 | D:4      | Reached XP level 7. HP: 46/57 MP: 6/12
  5585 | D:4      | Found a sand-covered staircase.
  5660 | Ossuary  | Entered an ossuary
  5924 | D:4      | Learned a level 4 spell: Olgreb's Toxic Radiance
  5943 | D:4      | Found Ynemi's Book Shop.
  6109 | D:4      | Found a staircase to the Ecumenical Temple.
  6115 | Temple   | Entered the Ecumenical Temple
  6307 | Temple   | Became a worshipper of Warmaster Okawaru
  6706 | D:5      | Entered Level 5 of the Dungeon
  6706 | D:5      | Found a glowing drain.
  6713 | Sewer    | Entered a sewer
  7116 | Sewer    | Reached skill level 7 in Poison Magic
  8148 | D:5      | Found a blossoming altar of Fedhas.
  8158 | D:5      | HP: 1/57 [acid (7)]
  8160 | D:5      | Splashed by a jelly's acid

Levels and vault maps discovered:
D:1:      sevenhm_arrival_forest_fort_small_6, layout_basic,
          kennysheep_minor_cross, kennysheep_boxes
D:2:      layout_basic, yredelemnul_forgotten_temple_becter, first_ration,
          roderic_lattice_a
D:3:      layout_rooms, lemuel_round_altar, gammafunk_ghost_grave, uniq_ijyb
D:4:      layout_basic, minmay_temple_entry_fiery, serial_shops, shop,
          nicolae_ossuary_entry_false_entrances
D:5:      layout_loops_ring, nicolae_overflow_hidden_temple,
          cheibrodos_sewer_entry_drain, uniq_grinder
Temple:   nicolae_temple_elliptical

Skill      XL: |  1  2  3  4  5  6  7 |
---------------+----------------------+-----
Poison Magic   | 5 6 7 |  7.4
Armour         | 1 2 |  2.7
Polearms       | 1 2 |  2.9
Dodging        | 2 |  2.1
Spellcasting   | 3 |  3.5
Fighting       | 1 |  1.1
Stealth        | |  3.0
Conjurations   | |  1.9
Air Magic      | |  0.1

Action                   |  1- 3 |  4- 6 |  7- 9 || total
-------------------------+-------+-------+-------++-------
Melee: Unarmed           |     2 |       |       ||     2
       Spear             |    27 |    89 |   339 ||   455
       Club              |     4 |       |       ||     4
Throw: Stone             |     1 |       |       ||     1
 Cast: Sting             |    22 |    53 |    13 ||    88
       Poisonous Vapours |    12 |    46 |    11 ||    69
       Mephitic Cloud    |     1 |     3 |     1 ||     5
       Olgreb's Toxic Ra |       |       |     6 ||     6
 Abil: Spit Poison       |     6 |    13 |     6 ||    25
  Use: Potion            |     2 |     1 |     1 ||     4
       Scroll            |       |     3 |     1 ||     4
 Stab: Confused          |       |     2 |       ||     2
       Sleeping          |       |       |     3 ||     3
  Eat: Chunk             |     2 |    14 |    10 ||    26
Armor: Robe              |     1 |       |       ||     1
       Leather armour    |    21 |    48 |    57 ||   126
       Skin              |     4 |     1 |       ||     5
Dodge: Dodged            |    23 |    63 |    53 ||   139
